 Dungeon Crawl Stone Soup version 0.18.1-48-g4cf74bf (webtiles) character file.

7539 nicanaca0 the Severer (level 10, -2/88 HPs)
             Began as a Minotaur Berserker on June 24, 2016.
             Was an Elder of Trog.
             Slain by a death yak (9 damage)
             ... on level 9 of the Dungeon.
             The game lasted 00:36:26 (10490 turns).

nicanaca0 the Severer (Minotaur Berserker)         Turns: 10490, Time: 00:36:26

Health: -2/88      AC:  9    Str: 25    XL:     10   Next: 96%
Magic:  9/9        EV: 12    Int:  4    God:    Trog [****..]
Gold:   455        SH:  0    Dex: 14    Spells: 0 memorised, 9 levels left

rFire  . . .     SeeInvis .     k - +2 battleaxe (flame)
rCold  . . .     Gourm    .     g - +2 leather armour (curse)
rNeg   . . .     Faith    .     (shield currently unavailable)
rPois  .         Spirit   .     (helmet restricted)
rElec  .         Dismiss  .     o - +0 cloak
rCorr  .         Reflect  .     r - +0 pair of gloves
SustAt .         Harm     .     (no boots)
MR     .....                    (no amulet)
Stlth  ..........               s - +4 ring of strength
                                d - ring of loudness (curse)

@: not resistant to hostile enchantments, extremely unstealthy
A: retaliatory headbutt, horns 2, molten scales 1
a: Berserk, Trog's Hand, Brothers in Arms, Burn Spellbooks, Renounce Religion


You were on level 9 of the Dungeon.
You worshipped Trog.
Trog was greatly pleased with you.
You were not hungry.

You visited 1 branch of the dungeon, and saw 9 of its levels.
You also visited: Bailey.

You collected 696 gold pieces.
You spent 241 gold pieces at shops.

Inventory:

Hand Weapons
 k - a +2 battleaxe of flaming (weapon)
 n - a +3 war axe of venom
Missiles
 f - 267 stones (quivered)
Armour
 g - a cursed +2 leather armour (worn)
 j - a +0 crystal plate armour
 o - a +0 cloak (worn)
 r - a +0 pair of gloves (worn)
Jewellery
 d - a cursed ring of loudness (left hand)
 e - an uncursed ring of protection from fire
 q - an uncursed ring of protection from cold
 s - a +4 ring of strength (right hand)
 t - an uncursed ring of protection from magic
Scrolls
 h - a scroll of teleportation
 l - a scroll of immolation
 u - 2 scrolls of enchant armour
Potions
 a - 3 potions of cure mutation
 i - 2 potions of resistance
 m - a potion of agility
 v - 2 potions of degeneration
 C - 2 potions of magic
Comestibles
 c - 4 bread rations
 w - a meat ration


   Skills:
 + Level 7.8 Fighting
 + Level 17.3 Axes
 + Level 5.0 Armour
 - Level 2.1 Dodging


You had 9 spell levels left.
You didn't know any spells.

Dungeon Overview and Level Annotations

Branches:
Dungeon (9/15)             Temple (0/1) D:7
   Lair: D:8-11         Orc: D:9-12

Altars:
Dithmenos
Kikubaaqudgha
Makhleb
Nemelex Xobeh
Pakellas
Qazlal
Ru
Sif Muna
Trog

Shops:
D:6 ?


Innate Abilities, Weirdness & Mutations

You reflexively headbutt those who attack you in melee.
You have a pair of horns on your head.
You are partially covered in molten scales (AC +1).


Message History

You are too injured to fight recklessly!
You slash the yak! You burn the yak.
The yak is severely wounded.
You hit the death yak but do no damage. The death yak gores you!!
* * * LOW HITPOINT WARNING * * *
The yak snorts and paws the ground.
The yak gores you!
* * * LOW HITPOINT WARNING * * *
Drink which item? (? for menu, Esc to quit)
You feel much better. The death yak gores you!
* * * LOW HITPOINT WARNING * * *
The yak closely misses you.
Your ogre goes berserk!
You feel somewhat more hungry. The death yak gores you!!
* * * LOW HITPOINT WARNING * * *
The yak closely misses you. You furiously retaliate!
You headbutt the yak.
Your ogre hits the death yak with a giant club!
Drink which item? (? for menu, Esc to quit)
You feel better. The death yak gores you!
You die...

................................
########............###########.
............########
....................
....................
........############ ######..#
#..######### #.[@YO......
........Y.......
###.........?... #.............
......<........ ................
....(...........
................


You could see a death yak, a yak and a friendly ogre (berserk).

Vanquished Creatures
  Erica (D:8)
  Pikel (D:7)
  2 orc knights (Bailey)
  Psyche (D:8)
  Sigmund (D:2)
  8 orc warriors
  3 sky beasts
  4 ice beasts
  4 slaves (D:8)
  4 black bears
  2 phantoms
  4 ogres
  5 centaurs
  A crocodile (D:5)
  3 giant frogs (D:6)
  A gnoll sergeant (D:4)
  A scorpion (D:6)
  6 killer bees
  3 howler monkeys
  3 vampire bats (D:5)
  3 wights
  3 crimson imps
  A quasit (D:6)
  A centaur zombie (D:5)
  A giant frog zombie (D:5)
  3 hounds
  A jelly (D:7)
  2 orc priests
  A giant frog skeleton (D:4)
  3 orc wizards (D:5)
  A centaur skeleton (D:6)
  4 gnoll shamans
  An iguana (D:8)
  5 worker ants
  A hound skeleton (D:7)
  Robin (D:2)
  A worker ant zombie (D:5)
  7 adders
  42 gnolls
  2 shadow imps (D:6)
  An ooze (D:4)
  4 worms
  2 dart slugs
  4 giant geckos
  24 orcs
  3 giant cockroaches
  15 goblins
  9 hobgoblins
  25 jackals
  12 kobolds
  8 quokkas
  2 ball pythons
  11 bats
  A giant gecko skeleton (D:4)
  A giant gecko zombie (D:6)
  5 giant newts
  A jackal skeleton (D:6)
  2 jackal zombies
  A quokka skeleton (D:6)
  A quokka zombie (D:5)
  5 rats
279 creatures vanquished.

Notes
Turn   | Place    | Note
--------------------------------------------------------------
     0 | D:1      | nicanaca0 the Minotaur Berserker began the quest for the Orb.
     0 | D:1      | Reached XP level 1. HP: 19/19 MP: 0/0
   161 | D:1      | Reached skill level 4 in Axes
   239 | D:1      | Reached XP level 2. HP: 23/26 MP: 1/1
   992 | D:1      | Reached skill level 5 in Axes
  1211 | D:2      | Reached XP level 3. HP: 18/31 MP: 2/2
  1623 | D:2      | Noticed Robin
  1638 | D:2      | Reached ** piety under Trog
  1654 | D:2      | Killed Robin
  1654 | D:2      | Reached skill level 6 in Axes
  1654 | D:2      | Reached XP level 4. HP: 34/39 MP: 3/3
  1840 | D:2      | Found an oddly glowing altar of Pakellas.
  1846 | D:2      | Noticed Sigmund
  1854 | D:2      | Killed Sigmund
  1854 | D:2      | Reached skill level 7 in Axes
  1854 | D:2      | Reached XP level 5. HP: 47/47 MP: 4/4
  2408 | D:3      | Reached XP level 6. HP: 53/53 MP: 5/5
  2452 | D:3      | Reached *** piety under Trog
  2898 | D:3      | Found a stormy altar of Qazlal.
  2907 | D:3      | Found a sacrificial altar of Ru.
  3149 | D:4      | Reached skill level 5 in Fighting
  3218 | D:4      | Reached skill level 8 in Axes
  3369 | D:4      | Found a burning altar of Makhleb.
  3715 | D:4      | Gained mutation: You are partially covered in molten scales (AC +1). [potion of beneficial mutation]
  3721 | D:4      | Reached XP level 7. HP: 62/62 MP: 6/6
  3741 | D:4      | Reached **** piety under Trog
  3928 | D:4      | Reached skill level 9 in Axes
  4453 | D:4      | Reached XP level 8. HP: 70/70 MP: 7/7
  4546 | D:4      | Reached skill level 5 in Armour
  4586 | D:4      | Reached ***** piety under Trog
  4916 | D:4      | Reached skill level 10 in Axes
  4986 | D:5      | Entered Level 5 of the Dungeon
  5073 | D:5      | Found a shadowy altar of Dithmenos.
  5957 | D:5      | Reached skill level 11 in Axes
  6628 | D:6      | Reached XP level 9. HP: 68/80 MP: 8/8
  6799 | D:6      | Reached skill level 12 in Axes
  6824 | D:6      | Received a gift from Trog
  7357 | D:6      | Found Fiotsos's Magic Scroll Boutique.
  7360 | D:6      | Bought a scroll of identify for 22 gold pieces
  7360 | D:6      | Bought a scroll of enchant armour for 82 gold pieces
  7360 | D:6      | Bought a scroll of identify for 22 gold pieces
  7360 | D:6      | Bought a scroll of enchant armour for 82 gold pieces
  7360 | D:6      | Bought a scroll of teleportation for 33 gold pieces
  7380 | D:6      | Found a sparkling altar of Nemelex Xobeh.
  7681 | D:6      | Reached skill level 13 in Axes
  7866 | D:7      | Found a bloodstained altar of Trog.
  7908 | D:7      | Found a staircase to the Ecumenical Temple.
  7928 | D:7      | Reached skill level 14 in Axes
  8091 | D:7      | Found a flagged portal.
  8102 | Bailey   | Entered a bailey
  8118 | Bailey   | HP: 4/81 [orc warrior/bolt (20)]
  8883 | Bailey   | Noticed an orc knight
  8893 | Bailey   | Killed an orc knight
  8893 | Bailey   | Reached XP level 10. HP: 47/88 MP: 9/9
  8895 | Bailey   | Reached skill level 15 in Axes
  8903 | Bailey   | Got a bloodstained ring mail
  9089 | Bailey   | Noticed an orc knight
  9100 | Bailey   | Killed an orc knight
  9377 | Bailey   | Got a dazzling scale mail
  9532 | D:8      | Noticed Erica
  9552 | D:8      | Noticed Pikel
  9555 | D:8      | Killed Erica
  9555 | D:8      | Reached skill level 16 in Axes
  9574 | D:7      | Killed Pikel
  9852 | D:8      | Identified the +2 scale mail of Lies {rC- Int+2 Dex+6} (You found it in a bailey)
  9982 | D:8      | Found an ancient bone altar of Kikubaaqudgha.
  9987 | D:8      | Noticed Psyche
 10000 | D:8      | Killed Psyche
 10000 | D:8      | Reached skill level 17 in Axes
 10464 | D:9      | Found a deep blue altar of Sif Muna.
 10480 | D:9      | Noticed a death yak
 10488 | D:9      | HP: 1/88 [death yak (23)]
 10490 | D:9      | Slain by a death yak

Skill      XL: |  1  2  3  4  5  6  7  8  9 10 |
---------------+-------------------------------+-----
Axes           | 4 5 6 7 8 9 11 14 17 | 17.3
Fighting       | 4 5 7 |  7.8
Armour         | 3 4 5 |  5.0
Dodging        | |  2.1

Action                   |  1- 3 |  4- 6 |  7- 9 | 10-12 || total
-------------------------+-------+-------+-------+-------++-------
Melee: Hand axe          |    73 |   162 |   291 |       ||   526
       Headbutt          |     7 |    29 |    80 |    23 ||   139
       Battleaxe         |       |       |    80 |   111 ||   191
Throw: Stone             |     3 |       |     1 |       ||     4
Invok: Berserk           |       |     1 |     2 |     1 ||     4
       Trog's Hand       |       |     1 |     1 |     2 ||     4
       Brothers in Arms  |       |       |     2 |     1 ||     3
       Burn Spellbooks   |       |       |       |     1 ||     1
  Use: Scroll            |       |     4 |    13 |     3 ||    20
       Potion            |       |     2 |     6 |     4 ||    12
 Stab: Sleeping          |     1 |       |       |       ||     1
  Eat: Chunk             |     2 |     8 |     7 |     2 ||    19
       Beef jerky        |       |       |     3 |     1 ||     4
       Royal jelly       |       |       |     1 |       ||     1
       Meat ration       |       |       |     1 |     1 ||     2
Armor: Animal skin       |     6 |       |       |       ||     6
       Leather armour    |    21 |    33 |   102 |    27 ||   183
Dodge: Dodged            |    42 |   104 |   229 |    71 ||   446
